 Dungeon Crawl Stone Soup version 0.27-a0-423-gf312af23e9 (webtiles) character file.

Game seed: 2293136879273553725

165 porpoise the Skirmisher (level 5, -2/44 HPs)
             Began as a Formicid Fighter on Feb 26, 2021.
             Slain by an ogre
             ... wielding a +0 giant club
              (10 damage)
             ... on level 4 of the Dungeon.
             The game lasted 00:06:40 (2348 turns).

porpoise the Skirmisher (Formicid Fighter)          Turns: 2348, Time: 00:06:41

Health: -2/44      AC: 11    Str: 21    XL:     5   Next: 75%
Magic:  5/5        EV:  8    Int:  8    God:
Gold:   191        SH: 14    Dex: 10    Spells: 4/4 levels left

rFire    + . .     SeeInvis +   a - +0 war axe
rCold    . . .     Faith    .   c - +0 kite shield
rNeg     . . .     Spirit   .   v - +1 ring mail {rF+}
rPois    +         Reflect  +   (helmet unavailable)
rElec    .         Harm     .   (no cloak)
rCorr    .         Rampage  .   r - +0 pair of gloves
Will     .....                  (no boots)
Stlth    ..........             o - amulet of reflection
HPRegen  0.14/turn              g - +4 ring of protection
MPRegen  0.09/turn              s - ring of poison resistance

@: lethally poisoned (-2 -> -4)
A: permanent stasis, dig shafts and tunnels, four strong arms, antennae 3
a: Dig, Shaft Self


You were on level 4 of the Dungeon.
You visited 1 branch of the dungeon, and saw 4 of its levels.

You collected 191 gold pieces.

Inventory:

Hand Weapons
 a - a +0 war axe (weapon)
Missiles
 b - 21 poisoned darts (quivered)
 e - 51 bolts
 q - 3 stones
 w - 30 sling bullets
 z - a throwing net
Armour
 c - a +0 kite shield (worn)
 r - a +0 pair of gloves (worn)
 v - a +1 ring mail of fire resistance (worn)
Jewellery
 g - a +4 ring of protection (left hand)
 o - an amulet of reflection (around neck)
 s - a ring of poison resistance (right hand)
Scrolls
 h - 3 scrolls of fear {unknown}
 j - 2 scrolls of enchant weapon {unknown}
 k - a scroll of enchant armour {unknown}
 l - 3 scrolls of magic mapping {unknown}
 m - 5 scrolls of identify {unknown}
 n - 2 scrolls of amnesia {unknown}
 t - 2 scrolls of teleportation {unknown}
 u - a scroll of fog {unknown}
 y - a scroll of blinking {unknown}
Potions
 d - 4 potions of might
 f - a potion of flight {unknown}
 i - a potion of attraction {unknown}
 p - 2 potions of haste {unknown}
 x - a potion of heal wounds {unknown}


   Skills:
 - Level 5.0 Fighting
 + Level 4.3 Axes
 - Level 3.2 Armour
 - Level 3.6 Shields


You had 4 spell levels left.
You didn't know any spells.
Your spell library was empty.

Dungeon Overview and Level Annotations

Branches:
Dungeon (4/15)
 Temple: D:4-7

Altars:
Sif Muna


Innate Abilities, Weirdness & Mutations

You cannot be hasted, slowed, berserked, paralysed or teleported.
You can dig through walls and to a lower floor.
Your four strong arms can wield two-handed weapons with a shield.
You have a pair of large antennae on your head. (SInv)


Message History

The worker ant is almost dead.
The worker ant bites you but does no damage.
You block the worker ant's attack. The ogre hits you with a +0 giant club.
You slash the worker ant!
You kill the worker ant!
You hit the ogre. The ogre hits you with a +0 giant club!
You hit the ogre.
The ogre is heavily wounded.
You block the adder's attack. The ogre hits you with a +0 giant club!
You are too injured to fight recklessly!
Unknown command.
You barely miss the ogre.
The ogre is heavily wounded.
You barely miss the adder. The adder closely misses you.
The ogre hits you with a +0 giant club.
* * * LOW HITPOINT WARNING * * *
The adder closely misses you.
You hit the ogre.
The ogre is severely wounded.
You hit the adder. The adder bites you but does no damage.
The ogre barely misses you. The adder barely misses you.
You completely miss the ogre.
The ogre is severely wounded.
You closely miss the adder. You block the adder's attack.
The ogre barely misses you. The adder bites you but does no damage.
You hit the ogre.
The ogre is almost dead.
You barely miss the adder. The adder bites you.
* * * LOW HITPOINT WARNING * * *
You are poisoned.
The adder poisons you! You block the ogre's attack.
The adder closely misses you.
You hit the ogre but do no damage.
The ogre is almost dead.
You closely miss the adder.
You feel sick. The ogre closely misses you. You block the adder's attack. x2
You barely miss the ogre.
The ogre is almost dead.
You miss the adder.
You feel sick. The ogre hits you with a +0 giant club!
You die...

.((#.##
.......
.(.....
##.......
.(.......
##........
###.#.SO......
#.....@#
........#
....##.## ...
.. . ###


You could see an ogre and an adder.

Vanquished Creatures
  A worker ant (D:4)
  3 gnolls (D:3)
  5 adders
  2 oozes (D:3)
  A worm (D:3)
  A dart slug (D:3)
  A leopard gecko (D:1)
  2 orcs (D:3)
  2 ball pythons (D:2)
  2 giant cockroaches
  7 hobgoblins
  4 jackals (D:3)
  3 kobolds
  2 quokkas
  5 bats
  A frilled lizard (D:2)
  6 goblins
  6 rats
54 creatures vanquished.

Notes
Turn   | Place    | Note
-------+----------+-------------------------------------------
     0 | D:1      | porpoise the Formicid Fighter began the quest for the Orb.
     0 | D:1      | Reached XP level 1. HP: 18/18 MP: 1/1
   347 | D:1      | Reached XP level 2. HP: 24/24 MP: 2/2
   701 | D:2      | Reached skill level 4 in Fighting
   701 | D:2      | Reached XP level 3. HP: 25/30 MP: 3/3
   956 | D:2      | Reached XP level 4. HP: 32/37 MP: 4/4
  1551 | D:2      | Found a shimmering blue altar of Sif Muna.
  1937 | D:3      | Reached XP level 5. HP: 43/43 MP: 5/5
  2190 | D:3      | Reached skill level 5 in Fighting
  2335 | D:4      | Noticed an ogre
  2348 | D:4      | Slain by an ogre

Illustrated notes

Levels and vault maps discovered:
D:1:      matt_arrival_refuge, layout_basic, hex_large
D:2:      layout_loops_ring, hangedman_decor_riveting,
          chequers_serial_rivers_micro_b, lemuel_blue_sif_altar
D:3:      layout_rooms
D:4:      layout_cave_pools, okawaru_metal_pillars_1_2, lemuel_doored_altar,
          temple_pool_b, gup_sewer_entry_spiral, grunt_decor_cap

Skill      XL: |  1  2  3  4  5 |
---------------+----------------+-----
Fighting       | 4 5 |  5.0
Axes           | 3 4 |  4.3
Armour         | |  3.2
Shields        | |  3.6

Action                   |  1- 3 |  4- 6 || total
-------------------------+-------+-------++-------
Melee: War axe           |    64 |    83 ||   147
       Bardiche          |       |     6 ||     6
Throw: Dart              |       |    17 ||    17
Armor: Scale mail        |    24 |    13 ||    37
       Ring mail         |       |    20 ||    20
Dodge: Dodged            |    24 |    28 ||    52
Block: Kite shield       |    35 |    89 ||   124

Table legend: (Time is in decaauts)
 A = Elapsed time spent in this place.
 B = Non-inter-level travel time spent in this place.
 C = Inter-level travel time spent in this place.
 D = Time resting spent in this place.
 E = Time spent auto-exploring this place.
 F = Levels seen in this place.
 G = Mean time per level.
                   A        B        C        D        E       F      G
               +--------+--------+--------+--------+--------+-----+--------+
         Total |   2432 |   2371 |     61 |    141 |   1703 |   4 |  608.0 |
       Dungeon |   2432 |   2371 |     61 |    141 |   1703 |   4 |  608.0 |
               +--------+--------+--------+--------+--------+-----+--------+

Top non-repeatable levels by time:
     D:2: 1005 daAuts
     D:3: 706 daAuts
     D:1: 699 daAuts
     D:4: 21 daAuts
